SAA
LONG ISLAND SEAWOLVES @ IRVING BLUE SOX
06/14/2022
 
TOP OF THE 1ST
Long Island Seawolves batting - Pitching for Irving Blue Sox : RHP Cole Johnson
Pitching: RHP Cole Johnson
Batting: LHB Keith Alexander 0-0: Called Strike
0-1: Called Strike
0-2: Ball
1-2: Ball
2-2: Foul Ball, location: 2F
2-2: Strikes out swinging
Batting: RHB Roy Clay 0-0: Ball
1-0: SINGLE (Groundball, 6MD)
Batting: SHB Terry Conley 0-0: Foul Ball, location: 2F
0-1: Fly out, F7 (Flyball, 78D)
Batting: SHB Carroll Kline 0-0: Ball
1-0: Swinging Strike
1-1: Swinging Strike
1-2: SINGLE (Flyball, 6MD)
Roy Clay to second
Batting: RHB Francisco García 0-0: Ball
1-0: Called Strike
1-1: Ball
2-1: Foul Ball, location: 2F
2-2: Ball
3-2: Fly out, F9 (Flyball, 9S)
Top of the 1st over - 0 run(s), 2 hit(s), 0 error(s), 2 left on base; Long Island 0 - Irving 0
BOTTOM OF THE 1ST
Irving Blue Sox batting - Pitching for Long Island Seawolves : LHP Jim Unknown
Pitching: LHP Jim Unknown
Batting: LHB Kyle James 0-0: Fly out, F7 (Flyball, 78S)
Batting: RHB Stan Barnes 0-0: Foul Ball, location: 2F
0-1: SINGLE (Flyball, 8RS)
Batting: RHB Stewart Ralston 0-0: Ball
1-0: Swinging Strike
1-1: Ball
2-1: Swinging Strike
2-2: Foul Ball, location: 2F
2-2: Ball
3-2: Base on Balls
Stan Barnes to second
Batting: RHB Júlio López 0-0: Grounds into double play, 1-6-3 (Groundball, 13S)
Bottom of the 1st over - 0 run(s), 1 hit(s), 0 error(s), 1 left on base; Long Island 0 - Irving 0
TOP OF THE 2ND
Long Island Seawolves batting - Pitching for Irving Blue Sox : RHP Cole Johnson
Batting: SHB Jim Unknown 0-0: Ball
1-0: Called Strike
1-1: Foul Ball, location: 2F
1-2: Strikes out swinging
Batting: RHB David Morales 0-0: Fly out, F3 (Popup, 3SF)
Batting: RHB Jim Unknown 0-0: Ground out 5-3 (Groundball, 56S)
Top of the 2nd over - 0 run(s), 0 hit(s), 0 error(s), 0 left on base; Long Island 0 - Irving 0
BOTTOM OF THE 2ND
Irving Blue Sox batting - Pitching for Long Island Seawolves : LHP Jim Unknown
Batting: SHB Pancho De La Rosa 0-0: Ball
1-0: Foul Ball, location: 2F
1-1: Called Strike
1-2: Strikes out swinging
Batting: RHB Alfredo Chávez 0-0: Ball
1-0: Called Strike
1-1: SINGLE (Groundball, 34)
Batting: SHB Jack MacAsgill 0-0: Foul Ball, location: 2F
0-1: Swinging Strike
0-2: Fly out, F9 (Flyball, 9S)
Batting: RHB Jorge López 0-0: Ball
1-0: Foul Ball, location: 2F
1-1: Called Strike
1-2: Foul Ball, location: 2F
1-2: Ball
2-2: Ball
3-2: Fly out, F5 (Line Drive, 56)
Bottom of the 2nd over - 0 run(s), 1 hit(s), 0 error(s), 1 left on base; Long Island 0 - Irving 0
TOP OF THE 3RD
Long Island Seawolves batting - Pitching for Irving Blue Sox : RHP Cole Johnson
Batting: RHB Jim Unknown 0-0: Called Strike
0-1: Foul Ball, location: 2F
0-2: Ball
1-2: Ball
2-2: SINGLE (Groundball, 6M) (infield hit)
Batting: LHB Keith Alexander 0-0: Ball
1-0: Swinging Strike
1-1: Fly out, F8 (Flyball, 78M)
Batting: RHB Roy Clay 0-0: Foul Ball, location: 2F
0-1: SINGLE (Groundball, 34)
Jim Unknown to second
Runner from 2nd tries for 3rd, SAFE, no throw or cutoff
Batting: SHB Terry Conley 0-0: Called Strike
0-1: Ball
1-1: Swinging Strike
1-2: Ball
2-2: Foul Ball, location: 2F
2-2: SINGLE (Groundball, 34D)
Jim Unknown scores
Roy Clay to second
Runner from 2nd tries for 3rd, SAFE, throw made to third
Terry Conley to second
Batting: SHB Carroll Kline 0-0: Swinging Strike
0-1: Swinging Strike
0-2: Foul Ball, location: 2F
0-2: Ball
1-2: Ball
2-2: Strikes out looking
Batting: RHB Francisco García 0-0: Ball
1-0: Reached on error, E1 (Groundball, 13S)
Roy Clay scores
Terry Conley scores
Batting: SHB Jim Unknown 0-0: 2-RUN HOME RUN (Flyball, 8RXD), Distance : 453 ft
Batting: RHB David Morales 0-0: Foul Ball, location: 2F
0-1: Fly out, F9 (Flyball, 9LMF)
Top of the 3rd over - 5 run(s), 4 hit(s), 1 error(s), 0 left on base; Long Island 5 - Irving 0
BOTTOM OF THE 3RD
Irving Blue Sox batting - Pitching for Long Island Seawolves : LHP Jim Unknown
Batting: RHB Jarred Morgan 0-0: Called Strike
0-1: SINGLE (Line Drive, 7LS)
Batting: LHB Kyle James 0-0: Ground out 4-3 (Groundball, 13)
Jarred Morgan to second
Batting: RHB Stan Barnes 0-0: Foul Ball, location: 2F
0-1: Called Strike
0-2: Ball
1-2: Ball
2-2: Strikes out swinging
Batting: RHB Stewart Ralston 0-0: Called Strike
0-1: Ground out 4-3 (Groundball, 6M)
Bottom of the 3rd over - 0 run(s), 1 hit(s), 0 error(s), 1 left on base; Long Island 5 - Irving 0
TOP OF THE 4TH
Long Island Seawolves batting - Pitching for Irving Blue Sox : RHP Cole Johnson
Batting: RHB Jim Unknown 0-0: Ball
1-0: Foul Ball, location: 2F
1-1: Ball
2-1: Ball
3-1: Base on Balls
Batting: RHB Jim Unknown 0-0: Ball
1-0: Grounds into double play, 6-4-3 (Groundball, 6)
Batting: LHB Keith Alexander 0-0: Ball
1-0: Ball
2-0: Ball
3-0: Base on Balls
Batting: RHB Roy Clay 0-0: Swinging Strike
0-1: Ball
1-1: Ball
2-1: SINGLE (Flyball, 4D)
Keith Alexander to second
Runner from 2nd tries for 3rd, SAFE, throw made to third
Batting: SHB Terry Conley 0-0: Called Strike
0-1: Swinging Strike
0-2: Ball
1-2: Strikes out swinging
Top of the 4th over - 0 run(s), 1 hit(s), 0 error(s), 2 left on base; Long Island 5 - Irving 0
BOTTOM OF THE 4TH
Irving Blue Sox batting - Pitching for Long Island Seawolves : LHP Jim Unknown
Batting: RHB Júlio López 0-0: Called Strike
0-1: DOUBLE (Line Drive, 3D)
Batting: SHB Pancho De La Rosa 0-0: Ground out 1-3 (Groundball, 23)
Júlio López to third
Batting: RHB Alfredo Chávez 0-0: Ball
1-0: Ball
2-0: SINGLE (Flyball, 6MD)
Júlio López scores
Batting: SHB Jack MacAsgill 0-0: Ball
1-0: Ball
2-0: Ball
3-0: Base on Balls
Alfredo Chávez to second
Batting: RHB Jorge López 0-0: Ball
1-0: Ball
2-0: Fly out, F7 (Flyball, 78M)
Batting: RHB Jarred Morgan 0-0: Ball
1-0: Ball
2-0: Called Strike
2-1: Called Strike
2-2: Strikes out swinging
Bottom of the 4th over - 1 run(s), 2 hit(s), 0 error(s), 2 left on base; Long Island 5 - Irving 1
TOP OF THE 5TH
Long Island Seawolves batting - Pitching for Irving Blue Sox : RHP Cole Johnson
Batting: SHB Carroll Kline 0-0: Ball
1-0: Foul Ball, location: 2F
1-1: Fly out, F8 (Flyball, 8LM)
Batting: RHB Francisco García 0-0: Ball
1-0: Called Strike
1-1: Fly out, F9 (Flyball, 9S)
Batting: SHB Jim Unknown 0-0: Called Strike
0-1: Swinging Strike
0-2: Ball
1-2: Ball
2-2: Strikes out looking
Top of the 5th over - 0 run(s), 0 hit(s), 0 error(s), 0 left on base; Long Island 5 - Irving 1
BOTTOM OF THE 5TH
Irving Blue Sox batting - Pitching for Long Island Seawolves : LHP Jim Unknown
Batting: LHB Kyle James 0-0: Ball
1-0: Ball
2-0: Foul Ball, location: 2F
2-1: Ball
3-1: Ground out 5-3 (Groundball, 5S)
Batting: RHB Stan Barnes 0-0: Foul Ball, location: 2F
0-1: Ball
1-1: Ball
2-1: Ball
3-1: Fly out, F9 (Line Drive, 9M)
Batting: RHB Stewart Ralston 0-0: Ball
1-0: Ball
2-0: Foul Ball, location: 2F
2-1: Ball
3-1: Base on Balls
Batting: RHB Júlio López 0-0: Ground out 4-3 (Groundball, 4)
Bottom of the 5th over - 0 run(s), 0 hit(s), 0 error(s), 1 left on base; Long Island 5 - Irving 1
TOP OF THE 6TH
Long Island Seawolves batting - Pitching for Irving Blue Sox : RHP Cole Johnson
Batting: RHB David Morales 0-0: Called Strike
0-1: DOUBLE (Line Drive, 7LM)
Batting: RHB Jim Unknown 0-0: Called Strike
0-1: Ground out 6-3 (Groundball, 6M)
David Morales to third
Batting: RHB Jim Unknown 0-0: Ball
1-0: Called Strike
1-1: Fly out, F4 (Popup, 4D)
Batting: LHB Keith Alexander 0-0: Ball
1-0: Called Strike
1-1: Foul Ball, location: 2F
1-2: Strikes out swinging
Top of the 6th over - 0 run(s), 1 hit(s), 0 error(s), 1 left on base; Long Island 5 - Irving 1
BOTTOM OF THE 6TH
Irving Blue Sox batting - Pitching for Long Island Seawolves : LHP Jim Unknown
Batting: SHB Pancho De La Rosa 0-0: Foul Ball, location: 2F
0-1: Ball
1-1: Ball
2-1: Ball
3-1: Called Strike
3-2: SINGLE (Groundball, 6MD)
Batting: RHB Alfredo Chávez 0-0: Called Strike
0-1: Swinging Strike
0-2: Ball
1-2: Foul Ball, location: 2F
1-2: Foul Ball, location: 2F
1-2: Ball
2-2: Strikes out looking
Batting: SHB Jack MacAsgill 0-0: Called Strike
0-1: Swinging Strike
0-2: Ball
1-2: SINGLE (Line Drive, 34D)
Pancho De La Rosa to second
Batting: RHB Jorge López 0-0: Ball
1-0: Grounds into double play, 6-4-3 (Groundball, 6)
Bottom of the 6th over - 0 run(s), 2 hit(s), 0 error(s), 1 left on base; Long Island 5 - Irving 1
TOP OF THE 7TH
Long Island Seawolves batting - Pitching for Irving Blue Sox : RHP Cole Johnson
Batting: RHB Roy Clay 0-0: Ground out 1-3 (Groundball, 13)
Batting: SHB Terry Conley 0-0: Ball
1-0: Called Strike
1-1: Swinging Strike
1-2: Ball
2-2: Strikes out looking
Batting: SHB Carroll Kline 0-0: Ball
1-0: Ball
2-0: Ball
3-0: Called Strike
3-1: Fly out, F7 (Line Drive, 7D)
Top of the 7th over - 0 run(s), 0 hit(s), 0 error(s), 0 left on base; Long Island 5 - Irving 1
BOTTOM OF THE 7TH
Irving Blue Sox batting - Pitching for Long Island Seawolves : LHP Jim Unknown
Batting: RHB Jarred Morgan 0-0: Ball
1-0: Foul Ball, location: 2F
1-1: Ball
2-1: Called Strike
2-2: Fly out, F5 (Line Drive, 5)
Batting: LHB Kyle James 0-0: Ball
1-0: Ball
2-0: SINGLE (Flyball, 7S)
Batting: RHB Stan Barnes 0-0: Ball
1-0: Foul Ball, location: 2F
1-1: Ball
2-1: Ball
3-1: Reached on error, E5 (Groundball, 5L)
Kyle James to second
Batting: RHB Stewart Ralston 0-0: Ball
1-0: Ball
2-0: Called Strike
2-1: Foul Ball, location: 2F
2-2: Fly out, F7 (Flyball, 7M)
Pitching: RHP Jim Unknown
Batting: RHB Júlio López 0-0: Ball
1-0: Ball
2-0: Foul Ball, location: 2F
2-1: Ball
3-1: Foul Ball, location: 2F
3-2: Foul Ball, location: 2F
3-2: Foul Ball, location: 2F
3-2: Base on Balls
Kyle James to third
Stan Barnes to second
Batting: SHB Pancho De La Rosa 0-0: Called Strike
0-1: Ball
1-1: Ball
2-1: Ball
3-1: Base on Balls
Kyle James scores
Stan Barnes to third
Júlio López to second
Pinch Hitting: RHB Will Hunter 0-0: Foul Ball, location: 2F
0-1: Ball
1-1: Foul Ball, location: 2F
1-2: SINGLE (Groundball, 6MD)
Stan Barnes scores
Júlio López to third
Pancho De La Rosa to second
Runner from 3rd tries for Home, SAFE, no throw or cutoff
Pinch Hitting: SHB Curt Finley 0-0: Called Strike
0-1: Ball
1-1: Foul Ball, location: 2F
1-2: Ball
2-2: Ball
3-2: Strikes out looking
Bottom of the 7th over - 3 run(s), 2 hit(s), 1 error(s), 2 left on base; Long Island 5 - Irving 4
TOP OF THE 8TH
Long Island Seawolves batting - Pitching for Irving Blue Sox : RHP Cole Johnson
Pitching: RHP Monty Whitney
Now at 3B: Will Hunter
Now in CF: Curt Finley
Batting: RHB Francisco García 0-0: Ball
1-0: Ball
2-0: Fly out, F5 (Popup, 25F)
Batting: SHB Jim Unknown 0-0: Foul Ball, location: 2F
0-1: Ball
1-1: Ball
2-1: Swinging Strike
2-2: Strikes out swinging
Batting: RHB David Morales 0-0: Ball
1-0: Fly out, F4 (Popup, 4S)
Top of the 8th over - 0 run(s), 0 hit(s), 0 error(s), 0 left on base; Long Island 5 - Irving 4
BOTTOM OF THE 8TH
Irving Blue Sox batting - Pitching for Long Island Seawolves : RHP Jim Unknown
Pitching: RHP Hänsel Freeh
Batting: RHB Jorge López 0-0: Foul Ball, location: 2F
0-1: Foul Ball, location: 2F
0-2: Foul Ball, location: 2F
0-2: Foul Ball, location: 2F
0-2: Foul Ball, location: 2F
0-2: Ball
1-2: Foul Ball, location: 2F
1-2: Foul Ball, location: 2F
1-2: Ground out 6-3 (Groundball, 6)
Batting: RHB Jarred Morgan 0-0: Foul Ball, location: 2F
0-1: Ball
1-1: Ground out 1-3 (Groundball, 15S)
Pitching: LHP Jim Unknown
Batting: LHB Kyle James 0-0: Ball
1-0: Foul Ball, location: 2F
1-1: Fly out, F7 (Flyball, 8LM)
Bottom of the 8th over - 0 run(s), 0 hit(s), 0 error(s), 0 left on base; Long Island 5 - Irving 4
TOP OF THE 9TH
Long Island Seawolves batting - Pitching for Irving Blue Sox : RHP Monty Whitney
Pitching: RHP Jim Meyer
Batting: RHB Jim Unknown 0-0: Ball
1-0: Swinging Strike
1-1: Swinging Strike
1-2: Ball
2-2: Strikes out swinging
Batting: RHB Jim Unknown 0-0: Called Strike
0-1: Ball
1-1: Foul Ball, location: 2F
1-2: Strikes out swinging
Batting: LHB Keith Alexander 0-0: Ball
1-0: Ball
2-0: Swinging Strike
2-1: Called Strike
2-2: SINGLE (Groundball, 23) (infield hit)
Batting: RHB Roy Clay 0-0: Called Strike
0-1: Ball
1-1: Foul Ball, location: 2F
1-2: Foul Ball, location: 2F
1-2: Ground out 1-3 (Groundball, 15)
Top of the 9th over - 0 run(s), 1 hit(s), 0 error(s), 1 left on base; Long Island 5 - Irving 4
BOTTOM OF THE 9TH
Irving Blue Sox batting - Pitching for Long Island Seawolves : LHP Jim Unknown
Pitching: RHP Juan Sánchez
Batting: RHB Stan Barnes 0-0: Foul Ball, location: 2F
0-1: Ball
1-1: Swinging Strike
1-2: Ball
2-2: Foul Ball, location: 2F
2-2: Foul Ball, location: 2F
2-2: DOUBLE (Flyball, 8LXD)
Batting: RHB Stewart Ralston 0-0: Ball
1-0: Ball
2-0: Ball
3-0: Called Strike
3-1: Foul Ball, location: 2F
3-2: Base on Balls
Pinch Hitting: LHB Esteban Casillas 0-0: Ball
1-0: Swinging Strike
1-1: Ball
2-1: Fielders Choice at 2nd, 3-6 (Groundball, 3)
Stan Barnes to third
Batting: SHB Pancho De La Rosa 0-0: Swinging Strike
0-1: Ball
1-1: Ball
2-1: SINGLE (Flyball, 6MD)
Stan Barnes scores
Esteban Casillas to second
Pinch Runner at 2nd Robbie Young:
Batting: RHB Will Hunter 0-0: Ball
1-0: Swinging Strike
1-1: Ball
2-1: Swinging Strike
2-2: Strikes out swinging
Batting: SHB Curt Finley 0-0: Ball
1-0: Foul Ball, location: 2F
1-1: SINGLE (Groundball, 13S) (infield hit)
Robbie Young to third
Pancho De La Rosa to second
Pinch Hitting: RHB Robert Jackson 0-0: Ball
1-0: Ball
2-0: Called Strike
2-1: Ball
3-1: Called Strike
3-2: SINGLE (Line Drive, 7S)
Robbie Young scores
This league is powered by Out of the Park Baseball, the baseball management simulation game for PC, Mac and Linux
Friday, April 15th, 2016 - OOTP Baseball 16.9 Build 39